 Dungeon Crawl Stone Soup version 0.26.1-11-gd32895ea62 (webtiles) character file.

Game seed: 13018808974557475067

1034 McKennaii the Conjurer (level 8, -5/58 HPs)
             Began as a Purple Draconian Conjurer on May 18, 2021.
             Slain by a sixfirhy (13 damage)
             ... summoned by an orc sorcerer
             ... on level 1 of the Abyss.
             The game lasted 00:15:11 (7077 turns).

McKennaii the Conjurer (Purple Draconian Conjurer)  Turns: 7077, Time: 00:15:11

Health: -5/58      AC:  6    Str: 16    XL:     8   Next: 3%
Magic:  17/18      EV: 12    Int: 20    God:
Gold:   260        SH:  0    Dex: 10    Spells: 19/20 levels left

rFire    . . .     SeeInvis .   (no weapon)
rCold    . . .     Faith    .   (no shield)
rNeg     . . .     Spirit   .   (armour unavailable)
rPois    .         Reflect  .   (helmet restricted)
rElec    .         Harm     .   (no cloak)
rCorr    +         Rampage  .   (no gloves)
Will     +....                  (no boots)
Stlth    ++........             g - amulet of regeneration
HPRegen  0.59/turn              y - ring of resist corrosion
MPRegen  0.16/turn              a - +6 ring of strength

@: no status effects
A: breathe power, unfitting armour, cold-blooded, AC +6
a: Breathe Dispelling Energy


You were on level 1 of the Abyss.
You visited 1 branch of the dungeon, and saw 6 of its levels.
You visited the Abyss 1 time.

You collected 441 gold pieces.
You spent 181 gold pieces at shops.

Inventory:

Jewellery
 a - a +6 ring of strength (right hand)
 g - an amulet of regeneration (around neck)
 y - a ring of resist corrosion (left hand)
Wands
 l - a wand of paralysis (3)
 p - a wand of iceblast (9)
 u - a wand of polymorph (8)
 D - a wand of acid (12)
Scrolls
 c - 6 scrolls of identify
 d - a scroll of magic mapping {unknown}
 e - 6 scrolls of remove curse
 f - a scroll of fear {unknown}
 h - a scroll of enchant armour {unknown}
 j - 3 scrolls of enchant weapon {unknown}
 k - 5 scrolls of teleportation
 n - 2 scrolls of blinking
 s - a scroll of vulnerability {unknown}
 t - a scroll of random uselessness {unknown}
 v - 2 scrolls of immolation {unknown}
 w - 3 scrolls of amnesia {unknown}
 B - a scroll of fog {unknown}
 C - a scroll of noise {unknown}
Potions
 b - 3 potions of curing
 i - a potion of haste
 m - a potion of ambrosia
 o - 2 potions of cancellation
 q - a potion of lignification
 r - a potion of berserk rage
 x - a potion of mutation {unknown}
 z - a potion of might {unknown}
 A - a potion of attraction {unknown}


   Skills:
 + Level 0.7 Fighting
 + Level 2.7 Dodging
 + Level 3.3 Stealth
 * Level 6.8 Spellcasting
 * Level 7.3 Conjurations
 + Level 0.2 Evocations


You had 19 spell levels left.
You knew the following spells:

 Your Spells              Type           Power        Failure   Level
a - Magic Dart            Conj           100%         1%          1

Your spell library contained the following spells:

 Spells                   Type           Power        Failure   Level
 Searing Ray              Conj           72%          1%          2
 Dazzling Flash           Conj/Hex       42%          6%          3
 Fulminant Prism          Conj/Hex       10%          22%         4
 Iskenderun's Mystic Bla  Conj/Tloc      21%          22%         4


Dungeon Overview and Level Annotations

Branches:
Dungeon (6/15)
 Temple: D:4-7

Altars:
Cheibriados
Dithmenos
Elyvilon
Gozag
Qazlal
Wu Jian
The Shining One

Shops:
D:4 :*


Innate Abilities, Weirdness & Mutations

You can breathe bolts of dispelling energy.
Your rich purple scales are hard. (AC +6)
You cannot fit into any form of body armour.
You are cold-blooded and may be slowed by cold attacks.


Message History

Found a tapered brass wand.
Unknown command.
Found a sharpened copper wand.
An orc sorcerer comes into view. It is wielding a +0 dagger.
The orc sorcerer shouts!
Found a runed rapier.
You see here a wand of acid (12).
D - a wand of acid (12)
The orc sorcerer shouts, "You can't withstand my power!"
The orc sorcerer gestures at you while chanting.
The bolt of fire misses you.
You have got your breath back.
The orc sorcerer mumbles some strange words.
Found 26 gold pieces.
The sixfirhy hits you! The sixfirhy shocks you! The sixfirhy hits you!
* * * LOW HITPOINT WARNING * * *
The sixfirhy shocks you!
* * * LOW HITPOINT WARNING * * *
The sixfirhy hits you!
You die...

### #..#..#### # #..
...... .....# ..
#...## ##.## ####.
#..... ###.. #
#....###..#
###.......
#........###.#.....
# #...@3...#.....#.
##
#........#.#.####...
#...###..#.
...o....o #... #..#
....3..##. #...
#..... ..#..... ###.
. ........ ...
####......#.......
#......#...## .
#......###.#


You could see a sixfirhy (summoned).

Vanquished Creatures
  A phantom (D:5)
  A centaur (D:5)
  A bullfrog (D:6)
  A scorpion (D:4)
  A howler monkey (D:4)
  A bullfrog zombie (D:5)
  2 jellies
  2 hounds
  A bullfrog skeleton (D:5)
  2 orc priests
  An iguana (D:2)
  4 orc wizards
  2 worker ants
  A hound skeleton (D:5)
  3 gnolls (D:5)
  10 adders
  3 river rats (D:5)
  A shadow imp (D:6)
  2 white imps (D:5)
  An ooze (D:2)
  An adder zombie (D:5)
  6 worms
  2 dart slugs
  5 leopard geckos
  10 orcs
  2 ball pythons
  8 bats
  4 giant cockroaches
  5 hobgoblins
  5 jackals
  5 frilled lizards
  7 goblins
  A jackal zombie (D:5)
  3 kobolds
  10 rats
115 creatures vanquished.

Notes
Turn   | Place    | Note
-------+----------+-------------------------------------------
     0 | D:1      | McKennaii the Draconian Conjurer began the quest for the
                  | Orb.
     0 | D:1      | Reached XP level 1. HP: 14/14 MP: 3/3
   236 | D:1      | Reached XP level 2. HP: 20/20 MP: 3/5
   959 | D:2      | Reached XP level 3. HP: 22/26 MP: 0/6
  1035 | D:2      | Found a transporter.
  1035 | D:2      | Found a transporter.
  1041 | D:2      | Found a snail-covered altar of Cheibriados.
  1238 | D:2      | Found an opulent altar of Gozag.
  1804 | D:2      | You fall into a shaft and drop 2 floors!
  1856 | D:4      | Reached skill level 5 in Conjurations
  1856 | D:4      | Reached XP level 4. HP: 21/33 MP: 1/8
  2703 | D:3      | Found a stormy altar of Qazlal.
  3012 | D:3      | Found a white marble altar of Elyvilon.
  3143 | D:3      | Found an ornate altar of the Wu Jian Council.
  3150 | D:3      | Noticed a spectral centipede
  3150 | D:3      | Noticed a spectral black mamba
  3150 | D:3      | Noticed a spectral cane toad
  3516 | D:3      | Reached XP level 5. HP: 38/38 MP: 5/10
  4078 | D:4      | Found Icrepouno's General Store.
  4092 | D:4      | Bought a scroll of blinking for 82 gold pieces
  4092 | D:4      | Bought 3 scrolls of teleportation for 99 gold pieces
  4136 | D:4      | Found Yryhekh's Book Emporium.
  4152 | D:4      | Found a shadowy altar of Dithmenos.
  4188 | D:4      | Reached XP level 6. HP: 45/45 MP: 5/12
  4755 | D:5      | Entered Level 5 of the Dungeon
  4863 | D:5      | Reached skill level 6 in Conjurations
  5183 | D:5      | Your scales start taking on a rich purple colour.
  5183 | D:5      | Reached skill level 5 in Spellcasting
  5183 | D:5      | Reached XP level 7. HP: 34/51 MP: 7/15
  6454 | D:6      | Reached skill level 7 in Conjurations
  6753 | D:6      | Found a glowing golden altar of the Shining One.
  6864 | D:6      | Reached XP level 8. HP: 58/58 MP: 12/17
  7061 | D:6      | Cast into level 1 of the Abyss (orc warrior)
  7064 | Abyss:1  | Noticed an orc sorcerer
  7072 | Abyss:1  | Noticed a sixfirhy
  7077 | Abyss:1  | Slain by a sixfirhy

Illustrated notes

Levels and vault maps discovered:
D:1:      scummos_arrival_simple_crosswalls, layout_basic
D:2:      layout_basic, nicolae_overflow_hidden_temple,
          gammafunk_temple_overflow_arena, tgw_xom
D:3:      layout_basic, pdpol_wu_jian_five_deadly_venoms,
          nicolae_qazlal_general_emergency, elyvilon_altar_1
D:4:      layout_gridville, nicolae_overflow_crystal_walls, serial_shops, shop,
          shop, minmay_misc_feat_cross
D:5:      layout_rooms, serial_rivers, chequers_serial_rivers_large_b,
          chequers_serial_rivers_marsh, chequers_serial_rivers_micro_e,
          chequers_serial_rivers_small_b, chequers_serial_rivers_room_b,
          chequers_serial_rivers_large_a, lightli_sewer_entry_pipes,
          kennysheep_generic_room_4
D:6:      layout_loops_ring, lemuel_coloured_pillars_altar, kennysheep_mini,
          serial_shops, nicolae_shop_temple_entry_statues_fountains,
          kennysheep_potato
Abyss:1:  base:
D:4

Skill      XL: |  1  2  3  4  5  6  7 |
---------------+----------------------+-----
Dodging        | 2 |  2.7
Stealth        | 2 3 |  3.3
Conjurations   | 5 6 7 |  7.3
Spellcasting   | 3 4 5 6 |  6.8
Fighting       | |  0.7
Evocations     | |  0.2

Action                   |  1- 3 |  4- 6 |  7- 9 || total
-------------------------+-------+-------+-------++-------
Melee: Unarmed           |    34 |    24 |    12 ||    70
       Tailslap          |     1 |     3 |       ||     4
 Cast: Magic Dart        |    71 |   148 |   135 ||   354
 Abil: Breathe Dispellin |       |       |     2 ||     2
Evoke: Wand              |       |     6 |     3 ||     9
  Use: Potion            |     2 |     1 |       ||     3
       Scroll            |       |     2 |     5 ||     7
 Stab: Paralysed         |       |     6 |       ||     6
Armor: Skin              |    20 |    44 |    18 ||    82
Dodge: Dodged            |    34 |    41 |    34 ||   109
